 Dungeon Sprint DCSS version 0.30-a0-802-gb92711bcdf (webtiles) character file.

Game seed: 14147384950323272016

8700000 BigDaddyOpFi the Intangible (level 27, -41/208 (228) HPs)
             Began as a Djinni Warper on Feb 24, 2023.
             Was the Champion of Makhleb.
             Killed from afar by a wretched soul (61 damage)
             ... with a bolt of negative energy
             ... in the Dungeon (Sprint VIII: "Arena of Blood").
             The game lasted 00:01:58 (87 turns).

BigDaddyOpFi the Intangible (Djinni Warper)           Turns: 87, Time: 00:01:58

HP:   -41/208 (228) AC:  6    Str: 10    XL:     27
Gold: 0             EV: 34    Int: 19    God:    Makhleb [******] SH:  0 Dex: 23

rFire   + + .      SeeInvis .    h - +∞ Axe of Woe
rCold   x . .      Faith    .    (shield currently unavailable)
rNeg    . . .      Spirit   .    a - +0 leather armour
rPois   ∞          Reflect  .    (no helmet)
rElec   .          Harm     .    (no cloak)
rCorr   .          Rampage  .    (no gloves)
Will    ++...      NoTele   +    (boots unavailable)
Stlth   ++++++++++               (no amulet)
HPRegen 0.54/turn                (no ring)
MPRegen 0.00/turn                (no ring)

@: flying, slowed, drained, very slow
A: sickness immunity, fire resistance 2, cold vulnerability 1, float, innate
caster, HP casting, extra vitality 1
a: Renounce Religion, Minor Destruction, Lesser Servant of Makhleb, Major
Destruction, Greater Servant of Makhleb


You were in the Dungeon.
You worshipped Makhleb.
Makhleb was exalted by your worship.
You visited 1 branch

Inventory:

Hand Weapons
 h - the +∞ Axe of Woe (weapon)
   (You found it in the Dungeon)
Missiles
 c - 7 boomerangs of dispersal (quivered)
Armour
 a - a +0 leather armour (worn)
Scrolls
 b - a scroll of blinking
Potions
 d - a potion of curing
 e - a potion of heal wounds
 f - a potion of haste
 g - a potion of berserk rage


   Skills:
 O Level 27 Fighting
 O Level 27 Short Blades
 O Level 27 Long Blades
 O Level 27 Axes
 O Level 27 Maces & Flails
 O Level 27 Polearms
 O Level 27 Staves
 O Level 27 Ranged Weapons
 O Level 27 Throwing
 O Level 27 Armour
 O Level 27 Dodging
 O Level 27 Stealth
 O Level 27 Shields
 O Level 27 Unarmed Combat
 O Level 27 Spellcasting
 O Level 27 Invocations
 O Level 27 Evocations


You knew the following spells:

 Your Spells              Type           Power      Damage    Failure   Level
a - Blink                 Tloc           100%       N/A       0%          2
b - Lesser Beckoning      Tloc           100%       N/A       0%          2
c - Vhi's Electric Charg  Tloc/Air       100%       N/A       0%          3
d - Teleport Other        Tloc           91%        N/A       0%          3
e - Manifold Assault      Tloc           91%        N/A       0%          4
f - Slow                  Hex            100%       N/A       0%          1
g - Poisonous Vapours     Pois/Air       100%       N/A       0%          2
h - Ignite Poison         Fire/Tmut/Pois 91%        N/A       0%          3
i - Sticky Flame          Conj/Fire      91%        2d10      0%          4
j - Irradiate             Conj/Tmut      45%        3d26      0%          5
k - Freezing Cloud        Conj/Ice/Air   45%        6-21      0%          5
l - Eringya's Noxious Bo  Tmut/Pois      45%        N/A       0%          6
m - Death Channel         Necr           45%        N/A       0%          6
n - Starburst             Conj/Fire      45%        6d13      0%          6
o - Ignition              Fire           45%        3d13      1%          8
p - Summon Horrible Thin  Summ           45%        N/A       1%          8
q - Fire Storm            Conj/Fire      45%        8d12      2%          9
r - Dragon's Call         Summ           45%        N/A       2%          9
Your spell library was empty.

Dungeon Overview and Level Annotations

Branches:
Dungeon (1/1)

Altars:
Makhleb


Innate Abilities, Weirdness & Mutations

You are immune to sickness and miasma.
You are immune to poison.
Your flesh is very heat resistant. (rF++)
You are vulnerable to cold. (rC-)
You float through the air rather than walking.
You learn spells naturally, not from books.
Your magical power is your life essence.
You have superior vitality. (+4 MHP)


Message History

The fireball explodes!
Deactivating autopickup; reactivate with Ctrl-A.
The fireball engulfs you!! You resist.
You hear a shout! x7; You feel something staring at you.
A fireball appears from out of thin air!
The fireball explodes!
The fireball engulfs you!!! You resist.
* * * LOW HITPOINT WARNING * * *
The eight-headed meat hydra calls on the powers of darkness!
The eight-headed meat hydra convulses!
The bag of meat convulses!
Your body is wracked with pain!
* * * LOW HITPOINT WARNING * * *
You hear a shout! x2; The eight-headed meat hydra roars!
Unknown command.
Okay, then.
Blink to where?
Press: ? - help, Dir - move target 2 meat beasts, 2 eight-headed meat hydras, a meat berserker, a bag of meat, 2 destroyers and 2 accurseds come into view.
A destroyer is wielding a +9 heavy great sword.
A destroyer is wielding a +9 heavy great sword.
Found a scratched diamond ring.
As you read the scroll of blinking, it crumbles to dust.
The destroyer shouts!
The eight-headed meat hydra roars!
The meat berserker shouts!
You hear an angry hiss.
You hear a shout! x10
An accursed comes into view.
You hear a shout! x2
The meat beast moves out of view.
The destroyer moves out of view. 2 meat berserkers come into view.
Unknown command.
You hear a shout! x8
The accursed gestures at you while chanting.
Something smites you!
* * * LOW HITPOINT WARNING * * *
The meat berserker rages.
You hear a shout!
The eight-headed meat hydra roars!
A meat berserker comes into view. It is wielding a +9 battleaxe.
The tyrant appears out of thin air!
A tyrant comes into view.
The tyrant shouts!
You hear a shout! x3
A bolt of negative energy appears from out of thin air!
The bolt of negative energy hits you!!!
You feel drained.
You die...

.VM.........##..§..# ..
..#.O..D...#...D..#o...#
....O......#...###D...#.
.##.#D......L.. ..#...
............... ......
#....#O....#### ......
....M........#.. ..###
......{.......... ##
.......@.......##
################


You could see an accursed, a tyrant, 2 eight-headed meat hydras and 3 meat
berserkers.

Vanquished Creatures
  7 hell beasts (D)
  3 royal mummies (D)
  2 wraiths (D)
  14 vampire knights (D)
  32 ogres (D)
  4 two-headed ogres (D)
  2 liches (D)
  A hydra (D)
  2 phantoms (D)
  91 orcs (D)
  4 skeletal warriors (D)
162 creatures vanquished.

Notes
Turn   | Place    | Note
-------+----------+-------------------------------------------
     0 | D        | Found the +∞ Axe of Woe
     0 | D        | BigDaddyOpFi the Djinni Warper began the quest for the Orb.
     0 | D        | BigDaddyOpFi set off with the following spells memorised:
                  | Blink, Lesser Beckoning, Vhi's Electric Charge, Teleport
                  | Other, Manifold Assault.
     0 | D        | Reached XP level 1. HP: 18/18 MP: 0/0
     0 | D        | Noticed a bag of meat
     3 | D        | Killed a bag of meat
     3 | D        | Noticed a bag of meat
     3 | D        | Noticed a bag of meat
     3 | D        | Noticed a bag of meat
     3 | D        | Noticed a bag of meat
     4 | D        | Reached skill level 10 in Armour
     4 | D        | Reached XP level 2. HP: 37/37 MP: 0/0
     4 | D        | Reached XP level 3. HP: 42/42 MP: 0/0
     4 | D        | Learned a level 1 spell: Slow
     4 | D        | Reached XP level 4. HP: 49/49 MP: 0/0
     4 | D        | Reached XP level 5. HP: 53/53 MP: 0/0
     4 | D        | Learned a level 2 spell: Poisonous Vapours
     4 | D        | Reached XP level 6. HP: 59/59 MP: 0/0
     4 | D        | Reached XP level 7. HP: 65/65 MP: 0/0
     4 | D        | Learned a level 3 spell: Ignite Poison
     4 | D        | Reached XP level 8. HP: 71/71 MP: 0/0
     4 | D        | Reached XP level 9. HP: 76/76 MP: 0/0
     4 | D        | Learned a level 4 spell: Sticky Flame
     4 | D        | Reached XP level 10. HP: 82/82 MP: 0/0
     4 | D        | Reached XP level 11. HP: 87/87 MP: 0/0
     4 | D        | Learned a level 5 spell: Irradiate
     4 | D        | Noticed a bag of meat
     5 | D        | Noticed a bag of meat
     6 | D        | Became a worshipper of Makhleb the Destroyer
     6 | D        | Noticed a meat berserker
     7 | D        | Noticed a bag of meat
     7 | D        | Noticed a bag of meat
     8 | D        | Killed a bag of meat
     8 | D        | Noticed a bag of meat
     9 | D        | Reached skill level 10 in Throwing
     9 | D        | Reached XP level 12. HP: 48/95 MP: 0/0
     9 | D        | Killed a bag of meat
     9 | D        | Reached * piety under Makhleb
     9 | D        | Killed a bag of meat
     9 | D        | Killed a meat berserker
     9 | D        | Killed a bag of meat
     9 | D        | Reached ** piety under Makhleb
     9 | D        | Noticed a bag of meat
     9 | D        | Noticed a bag of meat
     9 | D        | Noticed a meat berserker
    10 | D        | Reached skill level 15 in Fighting
    10 | D        | Reached skill level 15 in Unarmed Combat
    10 | D        | Reached skill level 10 in Invocations
    10 | D        | Reached XP level 13. HP: 54/107 MP: 0/0
    10 | D        | Learned a level 5 spell: Freezing Cloud
    10 | D        | Reached XP level 14. HP: 58/114 MP: 0/0
    10 | D        | Killed a bag of meat
    10 | D        | Killed a bag of meat
    11 | D        | Reached skill level 10 in Axes
    11 | D        | Reached skill level 15 in Armour
    11 | D        | Reached skill level 10 in Stealth
    11 | D        | Reached XP level 15. HP: 111/121 MP: 0/0
    11 | D        | Learned a level 6 spell: Eringya's Noxious Bog
    11 | D        | Killed a meat berserker
    11 | D        | Reached *** piety under Makhleb
    12 | D        | Noticed a meat berserker
    13 | D        | Reached XP level 16. HP: 130/130 MP: 0/0
    14 | D        | Reached **** piety under Makhleb
    15 | D        | Reached skill level 15 in Throwing
    18 | D        | Reached skill level 15 in Invocations
    18 | D        | Reached XP level 17. HP: 108/139 MP: 0/0
    18 | D        | Learned a level 6 spell: Death Channel
    18 | D        | Killed a meat berserker
    18 | D        | Reached ***** piety under Makhleb
    18 | D        | Noticed a large bag of meat
    19 | D        | Reached skill level 15 in Spellcasting
    20 | D        | Killed a large bag of meat
    20 | D        | Noticed a meat berserker
    21 | D        | Reached skill level 15 in Stealth
    21 | D        | Noticed a meat berserker
    22 | D        | Killed a meat berserker
    22 | D        | Noticed a meat berserker
    23 | D        | Reached skill level 15 in Axes
    23 | D        | Reached XP level 18. HP: 145/151 MP: 0/0
    23 | D        | Killed a meat berserker
    23 | D        | Noticed a meat berserker
    23 | D        | Noticed a destroyer
    24 | D        | Noticed a meat berserker
    24 | D        | Noticed a large bag of meat
    24 | D        | Noticed a meat berserker
    24 | D        | Noticed a meat berserker
    24 | D        | Killed a meat berserker
    24 | D        | Noticed a destroyer
    24 | D        | Noticed a meat berserker
    25 | D        | Reached XP level 19. HP: 159/159 MP: 0/0
    25 | D        | Learned a level 6 spell: Starburst
    26 | D        | Noticed a destroyer
    26 | D        | Noticed a meat berserker
    26 | D        | Noticed a destroyer
    26 | D        | Killed a large bag of meat
    26 | D        | Reached ****** piety under Makhleb
    27 | D        | Killed a destroyer
    27 | D        | Noticed a meat berserker
    28 | D        | Reached XP level 20. HP: 166/171 MP: 0/0
    28 | D        | Killed a meat berserker
    28 | D        | Killed a meat berserker
    29 | D        | Reached skill level 27 in Dodging
    29 | D        | Reached XP level 21. HP: 122/182 MP: 0/0
    29 | D        | Learned a level 8 spell: Ignition
    29 | D        | Killed a destroyer
    29 | D        | Killed a meat berserker
    29 | D        | Killed a destroyer
    30 | D        | Reached skill level 27 in Fighting
    30 | D        | Reached skill level 27 in Unarmed Combat
    30 | D        | Reached XP level 22. HP: 189/194 MP: 0/0
    30 | D        | Killed a meat berserker
    30 | D        | Killed a meat berserker
    30 | D        | Killed a destroyer
    30 | D        | Noticed a destroyer
    30 | D        | Noticed a large bag of meat
    31 | D        | Reached skill level 27 in Armour
    31 | D        | Reached skill level 27 in Invocations
    31 | D        | Reached XP level 23. HP: 197/201 MP: 0/0
    31 | D        | Learned a level 8 spell: Summon Horrible Things
    32 | D        | Reached skill level 27 in Stealth
    32 | D        | Noticed a large bag of meat
    33 | D        | Reached skill level 27 in Axes
    33 | D        | Reached skill level 27 in Throwing
    33 | D        | Reached skill level 27 in Spellcasting
    33 | D        | Noticed a destroyer
    35 | D        | Reached XP level 24. HP: 208/208 MP: 0/0
    35 | D        | Noticed a destroyer
    36 | D        | Reached skill level 15 in Maces & Flails
    36 | D        | Reached skill level 15 in Polearms
    36 | D        | Killed a destroyer
    36 | D        | Noticed a destroyer
    37 | D        | Killed a destroyer
    37 | D        | Noticed a destroyer
    38 | D        | Reached XP level 25. HP: 214/214 MP: 0/0
    38 | D        | Learned a level 9 spell: Fire Storm
    40 | D        | Reached skill level 27 in Maces & Flails
    40 | D        | Reached skill level 27 in Polearms
    41 | D        | Reached XP level 26. HP: 190/221 MP: 0/0
    41 | D        | Killed a destroyer
    42 | D        | Reached skill level 27 in Staves
    42 | D        | Killed a large bag of meat
    43 | D        | Killed a destroyer
    44 | D        | Killed a large bag of meat
    44 | D        | Noticed a tyrant
    45 | D        | Reached skill level 15 in Ranged Weapons
    45 | D        | Reached XP level 27. HP: 218/228 MP: 0/0
    45 | D        | Learned a level 9 spell: Dragon's Call
    46 | D        | Noticed an accursed
    46 | D        | Noticed a destroyer
    46 | D        | Noticed a destroyer
    46 | D        | Noticed a destroyer
    48 | D        | Noticed a destroyer
    49 | D        | Killed a destroyer
    49 | D        | Killed a destroyer
    50 | D        | Noticed an accursed
    51 | D        | Reached skill level 27 in Short Blades
    51 | D        | Reached skill level 27 in Long Blades
    51 | D        | Reached skill level 27 in Shields
    51 | D        | Reached skill level 27 in Evocations
    52 | D        | Reached skill level 27 in Ranged Weapons
    53 | D        | Noticed an accursed
    54 | D        | Killed a destroyer
    55 | D        | Killed a destroyer
    55 | D        | Noticed a tyrant
    58 | D        | Noticed a meat beast
    58 | D        | Killed a tyrant
    60 | D        | Noticed a meat beast
    61 | D        | Killed a destroyer
    61 | D        | Killed an accursed
    62 | D        | Killed a meat beast
    64 | D        | Noticed a meat beast
    65 | D        | Noticed a dread
    65 | D        | Killed an accursed
    65 | D        | Killed a meat beast
    65 | D        | Killed a tyrant
    66 | D        | Noticed a destroyer
    67 | D        | Killed a meat beast
    68 | D        | Noticed a meat beast
    68 | D        | Noticed a meat beast
    68 | D        | Noticed a dread
    69 | D        | Noticed a meat beast
    70 | D        | Killed a dread
    71 | D        | Killed a meat beast
    71 | D        | Killed a meat beast
    71 | D        | Noticed a meat beast
    73 | D        | Noticed a meat beast
    73 | D        | Killed a dread
    74 | D        | Killed a meat beast
    77 | D        | Killed a meat beast
    78 | D        | Killed an accursed
    79 | D        | Killed a destroyer
    85 | D        | Noticed a meat beast
    85 | D        | Noticed an accursed
    85 | D        | Noticed a meat beast
    85 | D        | Noticed a destroyer
    85 | D        | Noticed a destroyer
    85 | D        | Noticed an accursed
    85 | D        | Noticed an accursed
    87 | D        | Noticed a tyrant
    87 | D        | Killed from afar by a wretched soul

Illustrated notes

Levels and vault maps discovered:
D:        meatsprint

Skill      XL: |  1  2  3  4  5  6  7  8  9 10 11 12 13 14 15 16 17 18 19 20 21 22 23 24 25 26 27 |
---------------+----------------------------------------------------------------------------------+-----
Fighting       | 11 12 15 16 18 20 21 23 25 27 | 27.0
Throwing       | 9 10 12 13 14 15 17 18 20 21 23 25 27 | 27.0
Armour         | 10 12 14 15 16 18 20 21 23 25 26 27 | 27.0
Dodging        | 12 13 16 17 18 19 22 23 25 27 | 27.0
Unarmed Combat | 11 12 15 16 18 20 21 23 25 27 | 27.0
Spellcasting   | 8 9 12 13 14 16 17 18 20 21 23 27 | 27.0
Axes           | 4 8 10 11 12 15 16 18 20 21 24 27 | 27.0
Stealth        | 4 9 10 12 13 16 17 19 21 23 26 27 | 27.0
Invocations    | 4 10 11 13 15 17 19 21 23 25 27 | 27.0
Maces & Flails | 11 22 27 | 27.0
Polearms       | 11 22 27 | 27.0
Staves         | 23 27 | 27.0
Short Blades   | 18 27 | 27.0
Long Blades    | 18 27 | 27.0
Ranged Weapons | 15 27 | 27.0
Shields        | 18 27 | 27.0
Evocations     | 18 27 | 27.0

Action                     |  1- 3 |  4- 6 |  7- 9 | 10-12 | 13-15 | 16-18 | 19-21 | 22-24 | 25-27 || total
---------------------------+-------+-------+-------+-------+-------+-------+-------+-------+-------++-------
  Melee: Executioner's axe |     1 |       |       |     2 |     3 |     8 |     5 |     8 |    44 ||    71
   Cast: Vhi's Electric Ch |       |       |       |       |       |     1 |     1 |     1 |     4 ||     7
    Use: Scroll            |       |       |       |       |       |       |       |       |     1 ||     1
  Dodge: Dodged            |       |       |       |     2 |     1 |     1 |       |       |     3 ||     7

Table legend: (Time is in decaauts)
 A = Elapsed time spent in this place.
 B = Non-inter-level travel time spent in this place.
 C = Inter-level travel time spent in this place.
 D = Time resting spent in this place.
 E = Time spent auto-exploring this place.
 F = Levels seen in this place.
 G = Mean time per level.
                   A        B        C        D        E       F      G
               +--------+--------+--------+--------+--------+-----+--------+
         Total |     81 |     81 |      0 |      0 |      0 |   1 |   81.0 |
       Dungeon |     81 |     81 |      0 |      0 |      0 |   1 |   81.0 |
               +--------+--------+--------+--------+--------+-----+--------+

Top non-repeatable levels by time:
       D: 81 daAuts
